 Dungeon Crawl Stone Soup version 0.19.0-2-gae57169 (webtiles) character file.

238 dvd the Chucker (level 5, -1/49 HPs)
             Began as a Troll Hunter on Nov 6, 2016.
             Was an Initiate of Cheibriados.
             Slain by Sigmund
             ... wielding a +1 scythe of protection
              (16 damage)
             ... on level 3 of the Dungeon.
             The game lasted 00:06:27 (1669 turns).

dvd the Chucker (Troll Hunter)                      Turns: 1669, Time: 00:06:28

Health: -1/49      AC:  5    Str: 21    XL:     5   Next: 78%
Magic:  4/4        EV: 10    Int:  8    God:    Cheibriados [......]
Gold:   130        SH:  0    Dex: 12    Spells: 0 memorised, 4 levels left

rFire  . . .     SeeInvis .     (no weapon)
rCold  . . .     Gourm    +     b - +0 robe
rNeg   . . .     Faith    .     (no shield)
rPois  .         Spirit   .     (helmet restricted)
rElec  .         Reflect  .     (no cloak)
rCorr  .         Harm     .     (gloves unavailable)
MR     .....                    (boots unavailable)
Stlth  +.........               (no amulet)
                                (no ring)
                                (no ring)

@: very slow
A: unfitting armour, claws 3, fast metabolism 3, gourmand, regeneration 1,
shaggy fur 1, tough skin 2
a: Bend Time, Renounce Religion


You were on level 3 of the Dungeon.
You worshipped Cheibriados.
Cheibriados was noncommittal.
You were completely stuffed.

You visited 1 branch of the dungeon, and saw 3 of its levels.

You collected 130 gold pieces.

Inventory:

Hand Weapons
 a - a +0 hand axe
 i - a +1 dagger of venom
 m - a +2 short sword of draining
Armour
 b - a +0 robe (worn)
Scrolls
 e - 2 scrolls of identify {unknown}
 k - 2 scrolls of random uselessness {unknown}
 o - 3 scrolls of teleportation {unknown}
 p - 2 scrolls of remove curse {unknown}
 s - a scroll of fog {unknown}
Potions
 g - 2 potions of agility {unknown}
 l - a potion of flight {unknown}
 n - 3 potions of curing {unknown}
 q - a potion of lignification {unknown}
Comestibles
 f - 3 bread rations
 h - a slice of pizza
 j - a meat ration


   Skills:
 + Level 2.2 Fighting
 + Level 2.2 Axes
 + Level 5.0 Throwing
 + Level 2.2 Dodging
 + Level 0.4 Stealth
 + Level 0.6 Unarmed Combat


You had 4 spell levels left.
You didn't know any spells.

Dungeon Overview and Level Annotations

Branches:
Dungeon (3/15)

Altars:
Ashenzari
Cheibriados
Qazlal
Zin

Annotations:
D:3 Sigmund


Innate Abilities, Weirdness & Mutations

You are too large for most types of armour.
You have claws for hands.
Your metabolism is lightning-fast.
You like to eat raw meat.
Your natural rate of healing is unusually fast.
You are covered in fur. (AC +1)
You have very tough skin. (AC +2)


Message History

Something wriggles in the net. x2
You see here 7 gold pieces.
Something wriggles in the net.
A puff of flame appears from out of thin air!
The puff of flame hits you!
Something wriggles in the net.
All of a sudden the net rips apart!
Items here: ( ) [ † a large rock; a dagger; a robe; an orc corpse You hear some strange, mumbled words.
A puff of flame appears from out of thin air!
The puff of flame hits you! Something hits you!
Things that are here:
a large rock; a dagger; a robe You miss something.
You scratch something. Something hits you but does no damage.
You miss something. Something hits you.
* * * LOW HITPOINT WARNING * * *
You claw something! You closely miss something. Something hits you!
You die...

### #.. #.#
#.# #.# #(#
#{# #@# #.#
#(### #.#..
#$#.#.#
#.#.#.#
#.#.#.#
###.#.#.#
#...#...###


There were no monsters in sight!

Vanquished Creatures
  Ijyb (D:2)
  Jessica (D:2)
  3 orc wizards (D:3)
  5 adders (D:2)
  A dart slug (D:2)
  A leopard gecko (D:1)
  4 orcs (D:3)
  9 bats
  3 giant cockroaches (D:1)
  10 goblins
  8 hobgoblins
  2 jackals (D:2)
  5 kobolds
  A quokka (D:2)
  A frilled lizard (D:1)
  2 rats (D:1)
57 creatures vanquished.

Notes
Turn   | Place    | Note
-------+----------+-------------------------------------------
     0 | D:1      | dvd the Troll Hunter began the quest for the Orb.
     0 | D:1      | Reached XP level 1. HP: 19/19 MP: 0/0
   110 | D:1      | Reached skill level 4 in Throwing
   110 | D:1      | Reached XP level 2. HP: 27/27 MP: 1/1
   741 | D:1      | Reached XP level 3. HP: 35/35 MP: 2/2
   891 | D:2      | Noticed Ijyb
   895 | D:2      | Killed Ijyb
   896 | D:2      | Reached XP level 4. HP: 42/42 MP: 3/3
  1015 | D:2      | Noticed Jessica
  1024 | D:2      | Killed Jessica
  1024 | D:2      | Reached skill level 1 in Axes
  1135 | D:2      | Found a shattered altar of Ashenzari.
  1205 | D:2      | Found a snail-covered altar of Cheibriados.
  1205 | D:2      | Found a glowing silver altar of Zin.
  1221 | D:2      | Reached XP level 5. HP: 21/49 MP: 4/4
  1230 | D:2      | Found a stormy altar of Qazlal.
  1297 | D:2      | Became a worshipper of Cheibriados the Contemplative
  1625 | D:3      | Reached skill level 5 in Throwing
  1656 | D:3      | Noticed Sigmund
  1669 | D:3      | Slain by Sigmund

Skill      XL: |  1  2  3  4  5 |
---------------+----------------+-----
Throwing       | 4 5 |  5.0
Axes           | 1 2 |  2.2
Fighting       | 2 |  2.2
Dodging        | 2 |  2.2
Stealth        | |  0.4
Unarmed Combat | |  0.6

Action                   |  1- 3 |  4- 6 || total
-------------------------+-------+-------++-------
Melee: Unarmed           |    18 |     5 ||    23
       Hand axe          |    26 |    70 ||    96
Throw: Large rock        |    19 |    21 ||    40
       Throwing net      |       |     2 ||     2
  Eat: Chunk             |    11 |    11 ||    22
Armor: Robe              |    18 |    34 ||    52
Dodge: Dodged            |    20 |    55 ||    75
